 Dungeon Crawl Stone Soup version 0.21.0-37-g46506fa (webtiles) character file.

113580 Miyamura the Blocker (level 16, -8/129 HPs)
             Began as a Barachi Fighter on Feb 1, 2018.
             Was the Champion of Cheibriados.
             Mangled by a tentacle (13 damage)
             ... attached to a kraken
             ... on level 1 of the Shoals.
             The game lasted 01:12:52 (35719 turns).

Miyamura the Blocker (Barachi Fighter)             Turns: 35719, Time: 01:12:53

Health: -8/129     AC: 21    Str: 31    XL:     16   Next: 63%
Magic:  27/27      EV: 24    Int: 28    God:    Cheibriados [******]
Gold:   409        SH: 16    Dex: 30    Spells: 12/30 levels left

rFire    + + .     SeeInvis .   d - +9 demon trident (flame)
rCold    + + +     Gourm    .   c - +0 shield
rNeg     . . .     Faith    .   C - +0 acid dragon scales
rPois    +         Spirit   .   z - +2 helmet of the Arcane {rF+}
rElec    .         Reflect  .   h - +2 cloak {+Inv}
rCorr    +         Harm     .   W - +0 pair of gloves (curse)
MR       +....     Clarity  +   j - +1 pair of boots {Fly}
Stlth    ++........             a - amulet of Ethics {rPois rC+++ Regen+ Str-5 Stlth+}
HPRegen  0.71/turn              N - +4 ring of slaying
MPRegen  0.20/turn              s - ring of protection from fire

@: flying, glowing, very slow
A: +LOS, swims, thin metallic scales 1, thin skeletal structure 1, clarity,
slowness 1, strong 1, strong legs 2
a: Hop, Bend Time, Temporal Distortion, Slouch, Step From Time, Renounce
Religion, Evoke Invisibility, Stop Flying


You were on level 1 of the Shoals.
You worshipped Cheibriados.
Cheibriados was exalted by your worship.
You were not hungry.

You visited 6 branches of the dungeon, and saw 25 of its levels.
You also visited: Labyrinth, Ossuary, Ice Cave and Volcano.

You collected 2664 gold pieces.
You spent 2255 gold pieces at shops.

Inventory:

Hand Weapons
 d - a +9 demon trident of flaming (weapon)
 g - a +3 triple sword of flaming
Armour
 c - a +0 shield (worn)
 h - a +2 cloak of invisibility (worn)
 j - a +1 pair of boots of flying (worn)
 z - the +2 helmet of the Arcane (worn) {rF+}
   (You found it in an ice cave)

   It protects you from fire.
 C - +0 acid dragon scales (worn)
 L - +4 steam dragon scales
 W - a cursed +0 pair of gloves (worn)
Magical Staves
 t - an uncursed staff of energy
Jewellery
 a - the amulet of Ethics (around neck) {rPois rC+++ Regen+ Str-5 Stlth+}
   (You bought it in a shop on level 2 of the Orcish Mines)

   [amulet of regeneration]

   It affects your strength (-5).
   It renders you almost immune to cold.
   It protects you from poison.
   It increases your rate of regeneration.
   It makes you more stealthy.
 i - an uncursed ring of magical power
 s - a ring of protection from fire (right hand)
 A - an uncursed ring of see invisible
 K - an uncursed ring of positive energy
 M - an uncursed ring of protection from cold
 N - a +4 ring of slaying (left hand)
 P - an uncursed ring of wizardry
Wands
 q - a wand of digging (15)
 y - a wand of polymorph (31)
 G - a wand of flame (35)
 Y - a wand of disintegration (1)
Scrolls
 e - 5 scrolls of identify
 l - 8 scrolls of teleportation
 p - 14 scrolls of remove curse
 r - 6 scrolls of blinking
 u - a scroll of immolation
 w - a scroll of vulnerability
 x - 6 scrolls of amnesia
 E - 6 scrolls of fog
 F - 3 scrolls of magic mapping
 H - a scroll of summoning
Potions
 b - 3 potions of brilliance
 k - 12 potions of curing
 n - 5 potions of flight
 o - a potion of mutation
 v - 2 potions of magic
 B - 3 potions of heal wounds
 R - a potion of cancellation
 Z - a potion of lignification
Books
 m - a book of the Warp

   Spells                             Type                      Level
   a - Gell's Gravitas                Translocation                3
   b - Portal Projectile              Hexes/Translocation          3
   c - Force Lance                    Conjuration/Translocation    4
   d - Dispersal                      Translocation                6
   e - Controlled Blink               Translocation                8
   f - Disjunction                    Translocation                8
 Q - a book of Minor Magic

   Spells                             Type                      Level
   a - Magic Dart                     Conjuration                  1
   b - Blink                          Translocation                2
   c - Call Imp                       Summoning                    2
   d - Slow                           Hexes                        2
   e - Conjure Flame                  Conjuration/Fire             3
   f - Mephitic Cloud                 Conjuration/Poison/Air       3
 S - a book of Geomancy

   Spells                             Type                      Level
   a - Sandblast                      Earth                        1
   b - Passwall                       Transmutation/Earth          2
   c - Stone Arrow                    Conjuration/Earth            3
   d - Petrify                        Transmutation/Earth          4
   e - Lee's Rapid Deconstruction     Earth                        5
Comestibles
 f - 43 rations
 D - 3 chunks of flesh


   Skills:
 - Level 12.8 Fighting
   Level 9.5(10.7) Short Blades
 - Level 8.9(10.9) Long Blades
 * Level 13.5 Polearms
 - Level 9.1 Armour
 - Level 11.3 Dodging
 - Level 0.6 Stealth
 - Level 13.6 Shields
 - Level 7.8 Spellcasting
 - Level 9.1 Invocations


You had 12 spell levels left.
You knew the following spells:

 Your Spells              Type           Power        Failure   Level  Hunger
a - Freeze                Ice            ##..         7%          1    None
c - Confuse               Hex            ##......     21%         3    None
C - Controlled Blink      Tloc           N/A          100%        8    #######
D - Deflect Missiles      Chrm/Air       ##........   100%        6    ######.


Dungeon Overview and Level Annotations

Branches:
Dungeon (15/15)            Temple (1/1) D:4            Lair (5/6) D:11
 Shoals (1/4) Lair:4       Spider (1/4) Lair:4        Slime (0/5) Lair:5
    Orc (2/2) D:11            Elf (0/3) Orc:2        Vaults (0/5) D:13
 Depths (0/5) D:15

Altars:
Ashenzari
Cheibriados
Dithmenos
Elyvilon
Fedhas
Gozag
Hepliaklqana
Kikubaaqudgha
Makhleb
Nemelex Xobeh
Okawaru
Qazlal
Ru
Sif Muna
Trog
Uskayaw
Vehumet
Wu Jian
Xom
Yredelemnul
Zin
The Shining One
Beogh
Jiyva

Shops:
D:6 =[(!=   D:8 :   D:9 :   D:12 *   Orc:2 (**=*


Innate Abilities, Weirdness & Mutations

Shadows flee at your approach. (+LOS)
You can swim through water.
You cover ground slowly.
You can hop long distances.
You are partially covered in thin metallic scales. (AC +2)
You have a somewhat thin skeletal structure. (Dex +2, Stealth)
You possess an exceptional clarity of mind.
Your muscles are strong. (Str +2)


Message History

You block the tentacle's attack. x2; The tentacle slaps you. 2 tentacle segments come into view.
The tentacle slaps you but does no damage.
You block the tentacle's attack.
A tentacle segment bursts forth from the water. x2
The tentacle slaps you but does no damage.
You block the tentacle's attack.
The faun unwields an uncursed spear.
The faun wields a hunting sling.
The faun shoots a sling bullet.
The sling bullet misses you.
The sling bullet hits the tentacle!!
The tentacle barely misses you.
The tentacle slaps you but does no damage. x2
The water elemental barely misses you. The tentacle slaps you! x3
The water nymph flows with the water.
The water elemental closely misses you. The tentacle barely misses you.
The tentacle completely misses you.
There is a staircase back to the Lair, spattered with blood here.
Items here: (( )))) † The tentacle slaps you!
The tentacle misses you. The tentacle slaps you!
The faun shoots a sling bullet.
You block the sling bullet. The tentacle slaps you!
You die...

≈≈≈≈≈≈≈≈≈≈≈≈≈≈≈≈≈≈
≈≈≈≈≈≈≈≈≈≈≈≈≈≈≈≈≈≈
≈≈≈≈≈X≈≈≈≈≈≈≈≈...
≈≈≈≈≈≈≈≈≈≈≈≈≈...
≈≈≈≈≈≈≈*≈≈≈≈..#
≈≈≈≈≈≈*?\..≈≈.#
≈≈≈≈≈*\──>≈m..###.
≈≈≈≈..\\ww≈.......
≈≈≈...#│w@......≈≈
≈≈≈....│Ew...c..≈≈
≈≈≈.....V.....c.≈≈
≈.≈≈....#....≈≈≈≈≈
≈≈≈..........≈≈≈≈≈
..≈.........#≈.≈≈≈
............##.≈≈≈
....###....## ...≈
.... ...... ...


You could see a kraken, 2 fauns, 4 tentacles, a water elemental and a water
nymph.

Vanquished Creatures
  Rupert (Lair:4)
  An Ice Fiend (IceCv)
  Aizul (Spider:1)
  The ghost of Britaniac the Carver, a journeyman MiFi of Okawaru (Lair:3)
  A red draconian (Volcano)
  A minotaur (Lab)
  Erolcha (D:9)
  A merfolk impaler (Lair:4)
  6 hydras
  5 centaur warriors
  The ghost of Mgcat the Geomancer, a journeyman GrEE of Vehumet (D:11)
  3 two-headed ogres
  4 death yaks (Lair:2)
  A death knight (D:14)
  4 tengu warriors
  3 orc high priests (Orc:2)
  Urug (Orc:1)
  Nergalle (Lair:4)
  6 skeletal warriors
  4 unseen horrors
  A salamander mystic (Volcano)
  A glowing orange brain (D:15)
  A wizard (D:13)
  A deep elf archer (D:13)
  2 phantasmal warriors (D:14)
  A harpy (shapeshifter) (D:15)
  An orb spider (Spider:1)
  2 wolf spiders
  2 fauns (Shoals:1)
  9 ugly things
  9 orc knights
  2 manticores
  8 orc sorcerers
  4 salamanders (Volcano)
  3 deep elf magi
  3 elephants (Lair:5)
  4 cyclopes
  Psyche (D:8)
  2 black mambas
  3 ice statues (IceCv)
  Joseph (D:7)
  14 spiny frogs
  8 gargoyles
  A rime drake (shapeshifter) (D:15)
  4 molten gargoyles
  4 rime drakes
  2 freezing wraiths
  3 yaktaurs (D:13)
  5 kobold demonologists
  5 komodo dragons
  An anaconda simulacrum (IceCv)
  2 tengu conjurers
  13 ice devils (IceCv)
  A polar bear (Lair:5)
  2 hornets
  11 trolls
  23 blink frogs
  3 snapping turtles
  Grinder (D:4)
  2 blink frogs (shapeshifter) (D:15)
  7 hippogriffs
  10 slime creatures
  2 shadows
  3 wyverns
  A redback (shapeshifter) (D:15)
  6 dire elephant simulacra (IceCv)
  2 redbacks (Lab)
  35 yaks
  Grum (D:9)
  A basilisk (Lair:3)
  A fire bat (shapeshifter) (D:15)
  4 vampires
  4 wraiths
  A fire bat (Volcano)
  A hog (shapeshifter) (D:15)
  2 hungry ghosts
  2 steam dragons (D:10)
  Menkaure (D:6)
  7 wargs
  3 harpy simulacra (IceCv)
  An acid dragon (D:15)
  Duvessa (D:5)
  6 water moccasins
  2 hell hounds (D:11)
  8 porcupines
  26 orc warriors
  4 sky beasts
  2 ice beasts
  An eye of draining (D:14)
  4 phantoms
  12 ogres
  6 wolves
  13 centaurs
  8 crocodiles
  10 big kobolds
  17 bullfrogs
  A gnoll sergeant (D:10)
  An earth elemental (Lab)
  Dowan (D:5)
  6 scorpions
  A water moccasin skeleton (D:4)
  19 killer bees
  2 howler monkeys
  13 wights
  2 electric eels
  6 crimson imps
  3 bullfrog zombies
  13 lava snakes
  The ghost of Mgcat the Digger, a weakling GrEE (D:3)
  2 human zombies (Ossuary)
  A quasit (D:12)
  Crazy Yiuf (D:6)
  19 orc priests
  6 hounds
  10 jellies
  4 bullfrog skeletons
  20 orc wizards
  9 centaur skeletons
  Ijyb (D:5)
  Terence (D:2)
  2 iguanas
  9 worker ants
  3 big kobold zombies (Ossuary)
  A hound zombie (D:10)
  2 hound skeletons (D:4)
  2 mummies (Ossuary)
  A howler monkey zombie (D:10)
  2 worker ant zombies (D:4)
  11 gnolls
  13 adders
  2 shadow imps
  15 oozes
  2 adder zombies (D:4)
  An adder skeleton (D:4)
  4 worms
  5 dart slugs
  5 leopard geckos
  78 orcs
  3 ball pythons
  9 giant cockroaches
  9 hobgoblins
  11 jackals
  27 kobolds
  6 quokkas
  4 bats (D:1)
  4 frilled lizards
  2 gnoll zombies (Ossuary)
  13 goblins
  3 goblin zombies (Ossuary)
  3 hobgoblin zombies (Ossuary)
  3 jackal skeletons (D:4)
  An orc zombie (Ossuary)
  A quokka skeleton (D:4)
  2 quokka zombies
  8 rats
  3 tentacles (Shoals:1)
841 creatures vanquished.

Vanquished Creatures (others)
  A centaur skeleton (D:13)
  A shadow imp (D:5)
  2 orcs (Orc:1)
  13 fungi
  12 plants
  2 tentacles (Shoals:1)
31 creatures vanquished.

Grand Total: 872 creatures vanquished

Notes
Turn   | Place    | Note
-------+----------+-------------------------------------------
     0 | D:1      | Miyamura the Barachi Fighter began the quest for the Orb.
     0 | D:1      | Reached XP level 1. HP: 18/18 MP: 1/1
   124 | D:1      | Reached XP level 2. HP: 25/25 MP: 2/2
   603 | D:1      | Reached skill level 1 in Dodging
   753 | D:1      | Reached XP level 3. HP: 30/30 MP: 3/3
  1651 | D:2      | Reached XP level 4. HP: 37/37 MP: 4/4
  1781 | D:2      | Found an iron altar of Okawaru.
  1815 | D:2      | Noticed Terence
  1823 | D:2      | Killed Terence
  2489 | D:2      | Reached XP level 5. HP: 37/43 MP: 5/5
  2728 | D:3      | Noticed Mgcat's ghost (weakling GrEE)
  2865 | D:3      | Noticed a phantom
  2913 | D:3      | Killed Mgcat's ghost
  2914 | D:3      | Killed a phantom
  2914 | D:3      | Reached XP level 6. HP: 30/50 MP: 6/6
  3738 | D:3      | Reached skill level 5 in Fighting
  4066 | D:4      | Reached skill level 5 in Armour
  4132 | D:4      | Reached skill level 1 in Short Blades
  4222 | D:4      | Reached XP level 7. HP: 25/56 MP: 7/7
  4580 | D:4      | Noticed Grinder
  4915 | D:4      | Killed Grinder
  4915 | D:4      | Reached skill level 5 in Long Blades
  4915 | D:4      | Reached skill level 5 in Shields
  4995 | D:4      | Reached XP level 8. HP: 61/64 MP: 8/8
  5441 | D:4      | Found a staircase to the Ecumenical Temple.
  5661 | Temple   | Entered the Ecumenical Temple
  5844 | Temple   | Became a worshipper of Cheibriados the Contemplative
  5876 | D:5      | Entered Level 5 of the Dungeon
  5931 | D:5      | Noticed Ijyb
  6853 | D:5      | Gained mutation: Your muscles are strong. (Str +2) [potion of mutation]
  6853 | D:5      | Gained mutation: You possess an exceptional clarity of mind. [potion of mutation]
  6853 | D:5      | Gained mutation: You are partially covered in thin metallic scales. (AC +2) [potion of mutation]
  6853 | D:5      | Gained mutation: You have a somewhat thin skeletal structure. (Dex +2, Stealth) [potion of mutation]
  7175 | D:5      | Noticed Duvessa
  7176 | D:5      | Noticed Dowan
  7213 | D:5      | Killed Duvessa
  7222 | D:5      | Killed Dowan
  7259 | D:5      | Killed Ijyb
  7451 | D:5      | Reached skill level 1 in Invocations
  7603 | D:5      | Found a shimmering altar of Xom.
  7706 | D:6      | Noticed Menkaure
  7961 | D:6      | Found a glowing silver altar of Zin.
  7984 | D:6      | Reached * piety under Cheibriados
  8299 | D:6      | Reached XP level 9. HP: 70/71 MP: 10/10
  8310 | D:6      | Found Rudinkur's Antique Weapon Boutique.
  8505 | D:6      | Found Zeyrghy's Antique Armour Shoppe.
  8534 | D:6      | Bought a brightly glowing dagger for 217 gold pieces
  8534 | D:6      | Identified the +4 dagger of Massacring {flame, *Corrode *Drain rF++ rC+++} (You bought it in a shop on level 6 of the Dungeon)
  8630 | D:6      | Found Jomugrel's Jewellery Shoppe.
  8633 | D:6      | Bought a cursed ring of teleportation for 67 gold pieces
  8705 | D:6      | Killed Menkaure
  8775 | D:6      | Reached skill level 5 in Dodging
  8926 | D:6      | Found a sparkling altar of Nemelex Xobeh.
  9077 | D:6      | Found a glowing golden altar of the Shining One.
  9114 | D:6      | Found Ethroixze's Distillery.
  9225 | D:6      | Found Wekhliuni's Jewellery Shop.
  9457 | D:6      | Found a runed door.
  9461 | D:6      | Noticed Crazy Yiuf
  9468 | D:6      | Killed Crazy Yiuf
  9468 | D:6      | Reached ** piety under Cheibriados
  9572 | D:7      | Found a sand-covered staircase.
  9577 | Ossuary  | Entered an ossuary
 10014 | D:7      | Reached *** piety under Cheibriados
 10265 | D:7      | Noticed Joseph
 10281 | D:7      | Killed Joseph
 10402 | D:7      | Reached XP level 10. HP: 74/80 MP: 12/12
 10588 | D:7      | Reached skill level 5 in Short Blades
 10927 | D:8      | Noticed a two-headed ogre
 10948 | D:8      | Killed a two-headed ogre
 11527 | D:8      | Found Zont's Book Shop.
 11730 | D:8      | Noticed Psyche
 11741 | D:8      | Killed Psyche
 11898 | D:8      | Found a basalt altar of Yredelemnul.
 12008 | D:9      | Reached **** piety under Cheibriados
 12426 | D:9      | Noticed Erolcha
 12431 | D:9      | Killed Erolcha
 12458 | D:9      | Found Azumeava's Book Boutique.
 12467 | D:9      | Found an ornate altar of the Wu Jian Council.
 12735 | D:9      | Noticed Grum
 12763 | D:9      | Reached XP level 11. HP: 70/87 MP: 14/14
 12770 | D:9      | Killed Grum
 13066 | D:10     | Entered Level 10 of the Dungeon
 13080 | D:10     | Reached ***** piety under Cheibriados
 13292 | D:10     | Noticed a two-headed ogre
 13300 | D:10     | Killed a two-headed ogre
 13440 | D:10     | Noticed a two-headed ogre
 13450 | D:10     | Killed a two-headed ogre
 13862 | D:6      | Bought an uncursed ring of see invisible for 225 gold pieces
 13901 | D:6      | Bought a pair of gloves for 126 gold pieces
 14039 | D:10     | Noticed an unseen horror
 14119 | D:10     | Killed an unseen horror
 14119 | D:10     | Reached skill level 5 in Invocations
 15213 | D:10     | Learned a level 3 spell: Confuse
 15222 | D:10     | Learned a level 8 spell: Controlled Blink
 15473 | D:11     | Reached skill level 1 in Spellcasting
 15644 | D:11     | Found a staircase to the Lair.
 16316 | D:11     | Learned a level 1 spell: Freeze
 16355 | D:11     | Noticed Mgcat's ghost (journeyman GrEE)
 16405 | D:11     | Killed Mgcat's ghost
 16405 | D:11     | Reached XP level 12. HP: 56/97 MP: 16/16
 17015 | D:11     | Found a staircase to the Orcish Mines.
 17150 | D:11     | Reached skill level 10 in Fighting
 17416 | Lair:1   | Entered Level 1 of the Lair of Beasts
 18391 | Lair:1   | Noticed an eight-headed hydra
 18399 | Lair:1   | Killed an eight-headed hydra
 19501 | Lair:2   | Noticed a death yak
 19502 | Lair:2   | Noticed a death yak
 19553 | Lair:2   | Noticed a death yak
 19555 | Lair:2   | Noticed a death yak
 19569 | Lair:2   | Killed a death yak
 19579 | Lair:2   | Killed a death yak
 19594 | Lair:2   | Killed a death yak
 19609 | Lair:2   | Killed a death yak
 19609 | Lair:2   | Reached skill level 10 in Shields
 19609 | Lair:2   | Gained mutation: You can hop long distances. [Barachi growth]
 19609 | Lair:2   | Reached XP level 13. HP: 83/105 MP: 15/20
 20214 | Lair:2   | Reached skill level 5 in Spellcasting
 20683 | Lair:3   | Reached ****** piety under Cheibriados
 21935 | Lair:3   | Noticed Britaniac's ghost (journeyman MiFi)
 21946 | Lair:3   | Killed Britaniac's ghost
 21946 | Lair:3   | Reached skill level 10 in Dodging
 22297 | Lair:4   | Found a hole to the Spider Nest.
 22985 | Lair:4   | Noticed Nergalle
 23032 | Lair:4   | Killed Nergalle
 23099 | Lair:4   | Noticed Rupert
 23137 | Lair:4   | Paralysed by Rupert for 6 turns
 23149 | Lair:4   | Killed Rupert
 23149 | Lair:4   | Reached XP level 14. HP: 80/115 MP: 22/24
 23307 | Lair:4   | Found a staircase to the Shoals.
 23947 | Lair:5   | Found a labyrinth entrance.
 23957 | Lab      | Entered a labyrinth
 24573 | Lab      | Identified the Almanac of Augmentations
 25192 | Lair:5   | Found a staircase to the Slime Pits.
 25192 | Lair:5   | Found a viscous altar of Jiyva.
 26068 | Lair:1   | Learned a level 6 spell: Deflect Missiles
 26155 | Orc:1    | Entered Level 1 of the Orcish Mines
 26173 | Orc:1    | Noticed Urug
 26194 | Orc:1    | Killed Urug
 26209 | Orc:1    | Found a dark tunnel.
 26219 | Volcano  | Entered a volcano
 26508 | Volcano  | Found a bloodstained altar of Trog.
 26796 | Volcano  | Noticed a red draconian
 26828 | Volcano  | Killed a red draconian
 27460 | Orc:1    | Found a roughly hewn altar of Beogh.
 27933 | Orc:2    | Entered Level 2 of the Orcish Mines
 28476 | Orc:2    | Found a roughly hewn altar of Beogh.
 28659 | Orc:2    | Found Rurchoc's Jewellery Shop.
 28737 | Orc:2    | Found a staircase to the Elven Halls.
 29088 | Orc:2    | Reached XP level 15. HP: 104/122 MP: 26/26
 29451 | Orc:2    | Found Mal Geci's General Store.
 29452 | Orc:2    | Found Lodghidoll's Weapon Shop.
 29454 | Orc:2    | Found Uzyu's Assorted Antiques.
 29483 | Orc:2    | Bought a scroll of vulnerability for 90 gold pieces
 29483 | Orc:2    | Bought a scroll of blinking for 90 gold pieces
 29491 | Orc:2    | Bought a potion of curing for 99 gold pieces
 29491 | Orc:2    | Bought a scroll of enchant weapon for 247 gold pieces
 29491 | Orc:2    | Bought a scroll of identify for 66 gold pieces
 29491 | Orc:2    | Bought a scroll labeled CAETENWEYCE for 33 gold pieces
 29496 | Orc:2    | Got a warped lajatang
 29559 | Orc:2    | Paralysed by an orc sorcerer for 5 turns
 29581 | Orc:2    | Found Jureqeh's General Store.
 30036 | Orc:2    | Bought the amulet of Ethics {rPois rC+++ Regen+ Str-5 Stlth+} for 890 gold pieces
 30053 | Orc:2    | Identified the +3 lajatang "Kicoy" {protect, rC+ rN+} (You acquired it on level 2 of the Orcish Mines)
 30369 | D:12     | Found a burning altar of Makhleb.
 30445 | D:12     | Reached skill level 1 in Polearms
 30824 | D:12     | Found Qaoschesh's General Store.
 30827 | D:12     | Bought a scroll of enchant weapon for 105 gold pieces
 31522 | D:13     | Reached skill level 5 in Polearms
 32298 | D:13     | Found a gate to the Vaults.
 32699 | D:14     | Found a blossoming altar of Fedhas.
 33037 | D:14     | Reached skill level 10 in Polearms
 33307 | D:15     | Entered Level 15 of the Dungeon
 33462 | D:15     | Reached XP level 16. HP: 129/129 MP: 27/27
 33600 | D:15     | Found a staircase to the Depths.
 34853 | Spider:1 | Entered Level 1 of the Spider Nest
 34855 | Spider:1 | Noticed Aizul
 34880 | Spider:1 | Killed Aizul
 34892 | Spider:1 | Found a frozen archway.
 34902 | IceCv    | Entered an ice cave
 35198 | IceCv    | Noticed an Ice Fiend
 35205 | IceCv    | Killed an Ice Fiend
 35228 | IceCv    | Got a shimmering lajatang
 35238 | IceCv    | Identified the +1 lajatang of Evil {speed, rElec rN+ Str-3} (You found it in an ice cave)
 35248 | IceCv    | Got a faintly humming helmet
 35260 | IceCv    | Identified the +2 helmet of the Arcane {rF+} (You found it in an ice cave)
 35520 | Shoals:1 | Entered Level 1 of the Shoals
 35520 | Shoals:1 | Noticed a kraken
 35719 | Shoals:1 | HP: 5/129 [tentacle[a kraken] (9)]
 35719 | Shoals:1 | Mangled by a tentacle

Skill      XL: |  1  2  3  4  5  6  7  8  9 10 11 12 13 14 15 16 |
---------------+-------------------------------------------------+-----
Dodging        | 1 2 3 4 5 6 8 9 10 11 | 11.3
Fighting       | 4 5 6 7 8 9 10 12 | 12.8
Armour         | 4 5 6 7 8 9 |  9.1
Long Blades    | 3 4 5 7 8 |  8.9
Shields        | 4 5 6 7 9 10 11 13 | 13.6
Short Blades   | 1 2 3 4 6 7 8 9 |  9.5
Invocations    | 1 3 4 5 6 8 9 |  9.1
Spellcasting   | 2 4 6 7 |  7.8
Polearms       | 10 13 | 13.5
Stealth        | |  0.6

Action                   |  1- 3 |  4- 6 |  7- 9 | 10-12 | 13-15 | 16-18 || total
-------------------------+-------+-------+-------+-------+-------+-------++-------
Melee: Long sword        |   153 |   109 |       |       |       |       ||   262
       Rapier            |       |   115 |   345 |       |       |       ||   460
       Dagger            |       |       |   216 |  1196 |  1687 |       ||  3099
       Demon trident     |       |       |       |       |   452 |   296 ||   748
Throw: Tomahawk          |       |       |    13 |    20 |     4 |       ||    37
Invok: Bend Time         |       |       |       |     4 |    13 |     2 ||    19
       Slouch            |       |       |       |     1 |     4 |       ||     5
       Temporal Distorti |       |       |       |       |     3 |     1 ||     4
 Abil: Stop Flying       |       |       |       |       |       |     1 ||     1
       Evoke Flight      |       |       |       |       |       |     1 ||     1
Evoke: Wand              |       |       |    12 |    12 |    36 |     2 ||    62
  Use: Potion            |       |     4 |     5 |     4 |     8 |     3 ||    24
       Scroll            |       |     3 |    13 |    18 |    20 |     3 ||    57
 Stab: Invisible         |       |       |     1 |       |       |       ||     1
       Sleeping          |       |       |       |     4 |    23 |    12 ||    39
       Distracted        |       |       |       |     2 |     3 |     1 ||     6
       Paralysed         |       |       |       |       |     3 |     2 ||     5
  Eat: Chunk             |     3 |     6 |     8 |    16 |    25 |     3 ||    61
       Ration            |       |     1 |     3 |     1 |     2 |     1 ||     8
Armor: Scale mail        |    97 |    38 |       |       |       |       ||   135
       Chain mail        |       |    63 |   337 |   110 |       |       ||   510
       Steam dragon scal |       |       |       |    69 |   291 |    19 ||   379
       Skin              |       |       |       |       |     3 |       ||     3
       Acid dragon scale |       |       |       |       |       |    25 ||    25
Dodge: Dodged            |    57 |    47 |   188 |   402 |  1039 |   192 ||  1925
Block: Shield            |    84 |   117 |   374 |   600 |  1350 |   165 ||  2690
       Rpst.: Long sword |    20 |     7 |       |       |       |       ||    27
